 Dungeon Crawl Stone Soup version 0.31-a0-145-g046c7d2549 (webtiles) character file.

Game seed: 3771209900089194712

58 Ge0ff the Cutter (level 4, -5/30 HPs)
             Began as an Octopode Reaver on June 6, 2023.
             Slain by Crazy Yiuf
             ... wielding a +3 quarterstaff of chaos
              (16 damage)
             ... on level 2 of the Dungeon.
             The game lasted 00:03:17 (1584 turns).

Ge0ff the Cutter (Octopode Reaver)                  Turns: 1584, Time: 00:03:17

Health: -5/30      AC:  1    Str: 11    XL:     4   Next: 1%
Magic:  0/7        EV: 13    Int: 17    God:
Gold:   83         SH:  0    Dex: 10    Spells: 4/7 levels left

rFire   . . .        a - +1 short sword
rCold   . . .        (no shield)
rNeg    . . .        (helmet restricted)
rPois   .            (no amulet)
rElec   .            (no ring)
rCorr   .            (no ring)
SInv    .            (no ring)
Will    .....        (no ring)
Stlth   ++           (no ring)
HPRegen 0.25/turn    (no ring)
MPRegen 0.10/turn    (no ring)
                     (no ring)

%: no passive effects
@: mighty
A: almost no armour, amphibious, 8 rings, camouflage 1, gelatinous body 1,
(nimble swimmer 1), tentacles
a: no special abilities


You were on level 2 of the Dungeon.
You visited 1 branch of the dungeon, and saw 2 of its levels.

You collected 83 gold pieces.

Inventory:

Hand Weapons
 a - a +1 short sword (weapon)
 b - a +2 whip of venom
 h - a +0 sling
Missiles
 c - 30 stones (quivered)
 g - a throwing net {=F}
Magical Staves
 l - a staff of poison
Scrolls
 F - a scroll of fog
 T - 2 scrolls of teleportation
Potions
 e - a potion of heal wounds {unknown}
 k - a potion of might {unknown}
 m - a potion of cancellation {unknown}
 A - 2 potions of attraction
 V - a potion of ambrosia {unknown}


   Skills:
 + Level 2.6 Fighting
 * Level 3.9 Short Blades
 - Level 2.0 Dodging
 + Level 2.1 Spellcasting
 * Level 3.2 Conjurations
 * Level 0.9 Translocations


You had 4 spell levels left.
You knew the following spells:

 Your Spells              Type           Power      Damage    Failure   Level
C - Momentum Strike       Conj/Tloc      16%        3d8       12%         2
E - Kiss of Death         Conj/Necr      28%        2d7       10%         1

Your spell library contained the following spells:

 Spells                   Type           Power      Damage    Failure   Level
 Hailstorm                Conj/Ice       7%         3d4       28%         3
 Olgreb's Toxic Radiance  Pois           1%         N/A       88%         4
 Discord                  Hex            0%         N/A       100%        8
 Ignition                 Fire           0%         3d3       100%        8


Dungeon Overview and Level Annotations

Branches:
Dungeon (2/15) Zot: 10427

Altars:

Annotations:
D:2 Crazy Yiuf


Innate Abilities, Weirdness & Mutations

You cannot wear most types of armour.
You are amphibious.
You can wear up to eight rings at the same time.
Your skin changes colour to match your surroundings (Stealth+).
Your rubbery body absorbs attacks. (AC +1, EV +1)
((You are camouflaged when in or above water. (Stealth+)))
You have tentacles for arms and can constrict up to eight enemies at once.


Message History

The worm is heavily wounded.
You constrict the worm, but do no damage.
You hit the worm but do no damage. You squeeze the worm!
You kill the worm!
i - a scroll of identify
Found a dagger.
As you read the scroll of identify, it crumbles to dust.
d - 2 potions of attraction;
A - 2 potions of attraction A dart slug comes into view.
Found 7 stones.
The helpless dart slug fails to defend itself.
You puncture the dart slug!
You kill the dart slug!
You have reached level 4!
c - 30 stones (gained 7)
Found a runed translucent door.
Crazy Yiuf shouts!
Crazy Yiuf cries, "Seed!
Goober sow blue."
As you open the door, it creaks loudly!
Crazy Yiuf cries, "Announcement sizzlefizz light!"
You closely miss Crazy Yiuf. Your grab misses Crazy Yiuf.
Crazy Yiuf barely misses you.
You hit Crazy Yiuf. Your grab misses Crazy Yiuf.
Your squeeze misses Crazy Yiuf.
Crazy Yiuf is lightly wounded.
Crazy Yiuf misses you.
You barely miss Crazy Yiuf. Your grab misses Crazy Yiuf.
You squeeze Crazy Yiuf, but do no damage.
Crazy Yiuf is lightly wounded.
Crazy Yiuf misses you.
You hit Crazy Yiuf. You grab Crazy Yiuf. You squeeze Crazy Yiuf.
Crazy Yiuf is moderately wounded.
You constrict Crazy Yiuf.
Crazy Yiuf hits you with a +3 quarterstaff of chaos!
Ouch! That really hurt!
You feel your power leaking away.
You hit Crazy Yiuf but do no damage.
Crazy Yiuf is heavily wounded.
You constrict Crazy Yiuf.
Crazy Yiuf hits you with a +3 quarterstaff of chaos.
You feel very mighty all of a sudden.
You hit Crazy Yiuf.
Crazy Yiuf is severely wounded.
You constrict Crazy Yiuf. You completely miss Crazy Yiuf.
Crazy Yiuf is severely wounded.
You constrict Crazy Yiuf.
Crazy Yiuf hits you with a +3 quarterstaff of chaos!
Ouch! That really hurt!
You die...

##### #)..# ***** #
#...# ***,,,* ###
*...* *,,,*,******
..## *#g#*
*,***,,,**,, ...##
#@## *,,,,,,,,,,*
....## ##.#
*,,****,**** .....#
##### #.## ****
*,,** .....# #...#
##.# **,,*
....<###...# ##.##
######,*
...........# ##...#
#....#.#*
......###### #....#
##....#..*
......###### #....#
##.....##.#
..)......<.#
#....####......##..


You could see Crazy Yiuf.

Vanquished Creatures
  2 adders (D:2)
  4 worms (D:2)
  2 dart slugs
  3 ball pythons
  5 goblins
  A hobgoblin (D:2)
  2 quokkas (D:2)
  2 frilled lizards (D:2)
  4 kobolds (D:1)
  3 rats
28 creatures vanquished.

Notes
Turn   | Place    | Note
-------+----------+-------------------------------------------
     0 | D:1      | Ge0ff the Octopode Reaver began the quest for the Orb.
     0 | D:1      | Reached XP level 1. HP: 14/14 MP: 3/3
    36 | D:1      | Found a faded altar of an unknown god.
   226 | D:1      | Reached XP level 2. HP: 19/19 MP: 5/5
   966 | D:2      | Learned a level 2 spell: Momentum Strike
   996 | D:2      | Reached XP level 3. HP: 13/25 MP: 3/6
  1508 | D:2      | Reached XP level 4. HP: 30/30 MP: 7/7
  1573 | D:2      | Found a runed translucent door.
  1574 | D:2      | Noticed Crazy Yiuf
  1584 | D:2      | Slain by Crazy Yiuf

Illustrated notes

Levels and vault maps discovered:
D:1:      matt_arrival_grand_opening, layout_basic,
          hellmonk_ecumenical_altar_arch_garden
D:2:      layout_rooms, uniq_crazy_yiuf_cottage

Action                     |  1- 3 |  4- 6 || total
---------------------------+-------+-------++-------
  Melee: Short sword       |    61 |     7 ||    68
         Constrict         |    17 |     1 ||    18
         Tentacles         |    14 |     2 ||    16
         Punch             |     1 |       ||     1
   Cast: Momentum Strike   |     1 |       ||     1
    Use: Scroll            |     5 |       ||     5
   Stab: Sleeping          |     5 |       ||     5
 Armour: Skin              |     2 |       ||     2
  Dodge: Dodged            |    16 |     3 ||    19

Table legend: (Time is in decaauts)
 A = Elapsed time spent in this place.
 B = Non-inter-level travel time spent in this place.
 C = Inter-level travel time spent in this place.
 D = Time resting spent in this place.
 E = Time spent auto-exploring this place.
 F = Levels seen in this place.
 G = Mean time per level.
                   A        B        C        D        E       F      G
               +--------+--------+--------+--------+--------+-----+--------+
         Total |   1571 |   1538 |     33 |    142 |   1074 |   2 |  785.5 |
       Dungeon |   1571 |   1538 |     33 |    142 |   1074 |   2 |  785.5 |
               +--------+--------+--------+--------+--------+-----+--------+

Top non-repeatable levels by time:
     D:1: 848 daAuts
     D:2: 723 daAuts
